 Dungeon Crawl Stone Soup version 0.23-a0-143-g1adec7b (webtiles) character file.

202 Inarius the Shield-Bearer (level 6, 0/42 HPs)
             Began as a Halfling Fighter on Sept 4, 2018.
             Was an Initiate of Okawaru.
             Killed by nerve-wracking pain
             ... invoked by Menkaure
              (4 damage)
             ... on level 4 of the Dungeon.
             The game lasted 00:05:31 (2201 turns).

Inarius the Shield-Bearer (Halfling Fighter)        Turns: 2201, Time: 00:05:32

Health: 0/42       AC:  6    Str: 24    XL:     6   Next: 8%
Magic:  6/6        EV: 11    Int:  6    God:    Okawaru [......]
Gold:   164        SH: 10    Dex: 14    Spells: 5/5 levels left

rFire    . . .     SeeInvis .   a - +1 short sword (drain)
rCold    . . .     Gourm    .   c - +0 shield
rNeg     . . .     Faith    .   k - +0 leather armour (curse)
rPois    .         Spirit   .   (no helmet)
rElec    .         Reflect  .   (no cloak)
rCorr    .         Harm     .   q - +0 pair of gloves
MR       .....                  e - +1 pair of boots
Stlth    +.........             (no amulet)
HPRegen  0.14/turn              o - ring of attention (curse)
MPRegen  0.10/turn              t - +5 ring of strength

@: no status effects
A: small, mutation resistance 1
a: Renounce Religion


You were on level 4 of the Dungeon.
You worshipped Okawaru.
Okawaru was noncommittal.
You were not hungry.

You visited 1 branch of the dungeon, and saw 4 of its levels.

You collected 164 gold pieces.

Inventory:

Hand Weapons
 a - a +1 short sword of draining (weapon)
 b - a +1 hunting sling of flaming
Missiles
 h - 127 stones (quivered)
 n - 18 sling bullets
Armour
 c - a +0 shield (worn)
 e - a +1 pair of boots (worn)
 k - a cursed +0 leather armour (worn)
 l - a +0 scale mail
 m - a +0 ring mail
 q - a +0 pair of gloves (worn)
Jewellery
 o - a cursed ring of attention (left hand)
 t - a +5 ring of strength (right hand)
Wands
 u - a wand of iceblast (9)
Scrolls
 i - a scroll of amnesia
 p - a scroll of identify
 s - a scroll of teleportation
Potions
 d - a potion of might
 g - a potion of mutation {unknown}
 j - a potion of flight {unknown}
 r - a potion of magic {unknown}
Comestibles
 f - 6 rations
 v - 5 chunks of flesh


   Skills:
 + Level 3.2 Fighting
 + Level 3.3 Short Blades
 + Level 3.6 Slings
 + Level 3.8 Armour
 + Level 1.1 Dodging
 * Level 2.3 Stealth
 + Level 4.0 Shields


You had 5 spell levels left.
You didn't know any spells.
Your spell library was empty.

Dungeon Overview and Level Annotations

Branches:
Dungeon (4/15)
 Temple: D:4-7

Altars:
Ashenzari
Cheibriados
Okawaru
Qazlal
Sif Muna
The Shining One

Annotations:
D:4 Menkaure


Innate Abilities, Weirdness & Mutations

You are small and have problems with some larger weapons.
You are somewhat resistant to further mutation.


Message History

You butcher the howler monkey corpse.
v - 5 chunks of flesh (gained 2)
You see here a howler monkey skeleton.
There is a stone staircase leading down here.
You climb downwards.
Level annotation: Menkaure
There is a stone staircase leading up here.
Menkaure casts a spell at you. Pain shoots through your body!
Menkaure hits you!
You hit Menkaure.
Menkaure is lightly damaged.
Menkaure hits you!!
Ouch! That really hurt!
* * * LOW HITPOINT WARNING * * *
You hit Menkaure.
Menkaure is moderately damaged.
Menkaure casts a spell at you. Pain shoots through your body!
You die...

.M........# #.# #.#
#.# #.# #.# #.# #M#
#######@# #...<...# #
#.####### .. #.#
#########.### #.#
#............ #)#
##.#......#.
#.#########.#.######.#
#......^....#.<......#
###########.#.########


You could see Menkaure.

Vanquished Creatures
  2 howler monkeys
  An orc wizard (D:4)
  2 adders
  A worm (D:2)
  A dart slug (D:1)
  3 leopard geckos
  9 orcs
  7 hobgoblins
  3 jackals (D:3)
  8 kobolds
  4 bats
  7 frilled lizards
  7 goblins
  11 rats
66 creatures vanquished.

Notes
Turn   | Place    | Note
-------+----------+-------------------------------------------
     0 | D:1      | Inarius the Halfling Fighter began the quest for the Orb.
     0 | D:1      | Reached XP level 1. HP: 15/15 MP: 1/1
   277 | D:1      | Reached XP level 2. HP: 17/20 MP: 2/2
   532 | D:1      | Reached XP level 3. HP: 22/25 MP: 3/3
   740 | D:2      | Reached skill level 1 in Stealth
   767 | D:2      | Found a stormy altar of Qazlal.
   799 | D:2      | Found a shattered altar of Ashenzari.
   878 | D:2      | Reached XP level 4. HP: 31/31 MP: 4/4
   887 | D:2      | Found a snail-covered altar of Cheibriados.
  1151 | D:2      | Found a faded altar of an unknown god.
  1193 | D:2      | Found an iron altar of Okawaru.
  1202 | D:2      | Became a worshipper of Warmaster Okawaru
  1257 | D:2      | Reached skill level 1 in Slings
  1257 | D:2      | Reached XP level 5. HP: 28/36 MP: 5/5
  1822 | D:3      | Found a deep blue altar of Sif Muna.
  2048 | D:3      | Found a glowing golden altar of the Shining One.
  2167 | D:4      | Noticed Menkaure
  2190 | D:3      | Reached skill level 1 in Dodging
  2190 | D:3      | Reached skill level 4 in Shields
  2190 | D:3      | Reached XP level 6. HP: 42/42 MP: 6/6
  2201 | D:4      | Killed from afar by Menkaure

Vault maps used:
D:1:      lightli_arrival_noodles, serial_bayou_ford_a
D:2:      grunt_qazlal_clouds, marbit_many_paths, ashenzari_conservatory_becter,
          lemuel_coloured_pillars_altar, chequers_ecumenical_altar_simple
D:3:      nicolae_tso_carved_into_rock, lemuel_doored_altar
D:4:      temple_doors_e, uniq_natasha, uniq_menkaure, uniq_sigmund

Skill      XL: |  1  2  3  4  5 |
---------------+----------------+-----
Fighting       | 3 |  3.2
Stealth        | 1 2 |  2.3
Short Blades   | 3 |  3.3
Slings         | 1 3 |  3.6
Dodging        | 1 |  1.1
Shields        | 4 |  4.0
Armour         | |  3.8

Action                   |  1- 3 |  4- 6 || total
-------------------------+-------+-------++-------
Melee: Rapier            |    43 |       ||    43
       Short sword       |    61 |    78 ||   139
 Fire: Hunting sling     |       |    46 ||    46
  Use: Scroll            |     3 |     3 ||     6
 Stab: Sleeping          |     1 |       ||     1
  Eat: Chunk             |       |     4 ||     4
Armor: Scale mail        |    20 |       ||    20
       Leather armour    |    11 |    12 ||    23
Dodge: Dodged            |    33 |    33 ||    66
Block: Shield            |    36 |    38 ||    74

Table legend:
 A = Non-vault XP
 B = Vault XP
 C = Vault XP percentage of total XP
 D = Non-vault monster count
 E = Vault monster count
 F = Vault count percentage of total count
                 A         B        C        D         E       F
            +---------+---------+-------+---------+---------+-------
      Total |     287 |       2 |   0.7 |      65 |       1 |   1.5
            +---------+---------+-------+---------+---------+-------
        D:1 |      38 |       0 |   0.0 |      25 |       0 |   0.0
        D:2 |     103 |       2 |   1.9 |      19 |       1 |   5.0
        D:3 |     102 |       0 |   0.0 |      17 |       0 |   0.0
        D:4 |      44 |       0 |   0.0 |       4 |       0 |   0.0
            +---------+---------+-------+---------+---------+-------
